 Dungeon Crawl Stone Soup version 0.26.1-11-gd32895ea62 (webtiles) character file.

Game seed: 535044113179309459

3600 DildoBatman the Blocker (level 10, -1/71 HPs)
             Began as a Formicid Conjurer on July 11, 2021.
             Was a Priest of Kikubaaqudgha.
             Slain by Harold
             ... wielding a +1 war axe of flaming
              (4 damage)
             ... on level 8 of the Dungeon.
             The game lasted 00:32:38 (8195 turns).

DildoBatman the Blocker (Formicid Conjurer)         Turns: 8195, Time: 00:32:39

Health: -1/71      AC: 10    Str: 11    XL:     10   Next: 32%
Magic:  19/29      EV:  6    Int: 19    God:    Kikubaaqudgha [***...]
Gold:   505        SH:  0    Dex: 12    Spells: 3/23 levels left

rFire    . . .     SeeInvis +   a - +3 quarterstaff "Boadwise" {vorpal, rC+}
rCold    + . .     Faith    .   r - +0 kite shield
rNeg     . . .     Spirit   .   F - +1 leather armour {rPois}
rPois    +         Reflect  .   (helmet unavailable)
rElec    .         Harm     .   D - +0 cloak
rCorr    .         Rampage  .   g - +0 pair of gloves
Will     +....                  (no boots)
Stlth    ++........             (no amulet)
HPRegen  0.21/turn              E - ring of magical power
MPRegen  0.21/turn              C - +4 ring of protection

@: marked, very slightly contaminated, held, invisible
A: permanent stasis, dig shafts and tunnels, four strong arms, antennae 3
a: Dig, Shaft Self, Renounce Religion, Receive Corpses


You were on level 8 of the Dungeon.
You worshipped Kikubaaqudgha.
Kikubaaqudgha was most pleased with you.
You visited 2 branches of the dungeon, and saw 9 of its levels.

You collected 505 gold pieces.

Inventory:

Hand Weapons
 a - the +3 quarterstaff "Boadwise" (weapon) {vorpal, rC+}
   (You found it on level 5 of the Dungeon)

   It inflicts extra damage upon your enemies.
   It protects you from cold.
 b - a +2 dagger of draining
 c - a +0 hunting sling
 d - a +1 dagger of venom
 e - a +0 whip of electrocution
Missiles
 l - 239 stones
 o - 2 silver javelins
 q - 109 sling bullets
 t - 36 poisoned darts
 u - 4 curare-tipped darts
 w - 2 javelins
 y - 67 bolts
 A - 191 arrows
Armour
 g - a +0 pair of gloves (worn)
 p - a scarf of resistance
 r - a +0 kite shield (worn)
 D - a +0 cloak (worn)
 F - a +1 leather armour of poison resistance (worn)
Jewellery
 C - a +4 ring of protection (right hand)
 E - a ring of magical power (left hand)
 H - an uncursed ring of fire
Scrolls
 j - 3 scrolls of enchant weapon
 k - a scroll of vulnerability {unknown}
 m - a scroll of summoning {unknown}
 x - 7 scrolls of remove curse
 z - 5 scrolls of identify
 B - 2 scrolls of amnesia
 J - a scroll of brand weapon {unknown}
Potions
 f - 2 potions of flight
 h - 5 potions of brilliance
 i - 2 potions of heal wounds
 n - 5 potions of curing
 s - a potion of invisibility
 v - a potion of might {unknown}
 G - a potion of attraction {unknown}
 I - a potion of resistance {unknown}


   Skills:
 - Level 3.6 Fighting
 - Level 3.8 Armour
 - Level 3.0 Dodging
 - Level 2.4 Stealth
 - Level 9.0 Shields
 - Level 7.0 Spellcasting
 - Level 6.0 Conjurations
 * Level 3.9 Necromancy
 * Level 3.2 Fire Magic
 * Level 3.2 Earth Magic


You had 3 spell levels left.
You knew the following spells:

 Your Spells              Type           Power        Failure   Level
a - Searing Ray           Conj           58%          1%          2
b - Conjure Flame         Conj/Fire      24%          6%          3
c - Magic Dart            Conj           100%         1%          1
d - Vampiric Draining     Necr           10%          8%          3
f - Borgnjor's Vile Clut  Necr/Erth      10%          63%         5
h - Dispel Undead         Necr           21%          26%         4
z - Sublimation of Blood  Necr           10%          3%          2

Your spell library contained the following spells:

 Spells                   Type           Power        Failure   Level
 Foxfire                  Conj/Fire      96%          1%          1
 Pain                     Necr           84%          2%          1
 Sandblast                Erth           36%          3%          1
 Stone Arrow              Conj/Erth      48%          6%          3
 Corpse Rot               Necr/Air       N/A          9%          2
 Passwall                 Tmut/Erth      10%          10%         2
 Dazzling Flash           Conj/Hex       36%          11%         3
 Inner Flame              Hex/Fire       12%          21%         3
 Sticky Flame             Conj/Fire      24%          19%         4
 Animate Dead             Necr           10%          26%         4
 Fulminant Prism          Conj/Hex       9%           36%         4
 Iskenderun's Mystic Bla  Conj/Tloc      18%          36%         4
 Fireball                 Conj/Fire      12%          47%         5
 Petrify                  Tmut/Erth      12%          54%         4
 Agony                    Necr           21%          56%         5
 Lee's Rapid Deconstruct  Erth           9%           67%         5
 Simulacrum               Ice/Necr       7%           100%        6


Dungeon Overview and Level Annotations

Branches:
Dungeon (8/15)             Temple (1/1) D:5
   Lair: D:8-11

Altars:
Ashenzari
Cheibriados
Dithmenos
Elyvilon
Fedhas
Gozag
Hepliaklqana
Kikubaaqudgha
Makhleb
Okawaru
Qazlal
Ru
Sif Muna
Trog
Uskayaw
Wu Jian
Xom
Yredelemnul
Zin
The Shining One

Annotations:
D:8 Harold


Innate Abilities, Weirdness & Mutations

You cannot be hasted, slowed, berserked, paralysed or teleported.
You can dig through walls and to a lower floor.
Your four strong arms can wield two-handed weapons with a shield.
You have a pair of large antennae on your head. (SInv)


Message History

Harold hits you with a +1 war axe of flaming!!
Harold burns you. Harold fires a harpoon shot at you.
The harpoon shot hits you.
You are yanked forward by the harpoon shot.
Harold yells, "I don't have all day!"
Harold throws a throwing net.
The throwing net hits you.
You become entangled in the net!
Found 11 gold pieces.
You see here a throwing net.
Okay, then.
Okay, then.
You fade into invisibility!
You are very lightly contaminated with residual magic.
You struggle against the net.
Harold hits you with a +1 war axe of flaming!
Harold burns you.
You die...
Kikubaaqudgha rasps: "You have failed me!
Welcome... death!"

.....>......>#.#†##....#
##.........#..#...####
#.........#...<#.#### ####
#.>.......)#...#....###...
#..............####.......
######.######......##.....
#..####..####.##.....
##)#.................
#######..@.......#.###....
#........@....##... ##...
#..######........... ####
#........... .........$
........... ..#........ #
............ . .#. .......
#.


You could see Harold.

Vanquished Creatures
  The ghost of DildoBatman the Thaumaturge, a novice FoCj of Kikubaaqudgha (D:7)
  Menkaure (D:7)
  An orc warrior (D:8)
  5 ogres
  8 centaurs
  4 scorpions
  3 wights (D:6)
  3 howler monkeys (D:5)
  A bullfrog zombie (D:7)
  6 orc priests
  5 hounds
  A bullfrog skeleton (D:5)
  A gnoll shaman (D:5)
  4 orc wizards
  Crazy Yiuf (D:2)
  Jessica (D:1)
  4 iguanas
  9 worker ants
  A howler monkey zombie (D:6)
  16 gnolls
  7 adders
  A shadow imp (D:7)
  3 white imps (D:5)
  2 ufetubi
  2 oozes
  2 adder skeletons
  5 dart slugs (D:1)
  4 leopard geckos
  32 orcs
  10 bats
  5 giant cockroaches
  5 goblins
  14 hobgoblins
  11 jackals
  8 quokkas
  4 ball pythons
  A ball python skeleton (D:4)
  3 frilled lizards
  10 kobolds
  2 leopard gecko skeletons
  2 quokka skeletons
  5 rats
214 creatures vanquished.

Vanquished Creatures (others)
  33 plants
33 creatures vanquished.

Grand Total: 247 creatures vanquished

Notes
Turn   | Place    | Note
-------+----------+-------------------------------------------
     0 | D:1      | DildoBatman the Formicid Conjurer began the quest for the
                  | Orb.
     0 | D:1      | Reached XP level 1. HP: 13/13 MP: 3/3
   176 | D:1      | Reached XP level 2. HP: 16/19 MP: 1/5
   179 | D:1      | Learned a level 2 spell: Searing Ray
   539 | D:1      | Reached XP level 3. HP: 24/24 MP: 2/6
  1150 | D:2      | Reached XP level 4. HP: 30/30 MP: 4/7
  1159 | D:2      | Reached skill level 5 in Conjurations
  1177 | D:2      | Found a hazy altar of Hepliaklqana.
  1290 | D:2      | Reached XP level 5. HP: 14/35 MP: 1/8
  1315 | D:2      | Noticed Jessica
  1747 | D:2      | Found a runed translucent door.
  1748 | D:2      | Noticed Crazy Yiuf
  2429 | D:3      | Reached XP level 6. HP: 42/42 MP: 6/9
  2579 | D:3      | Found a sacrificial altar of Ru.
  2579 | D:3      | Found a hide-covered altar of Uskayaw.
  2579 | D:3      | Found a bloodstained altar of Trog.
  2688 | D:3      | Reached skill level 1 in Fighting
  2692 | D:3      | Reached skill level 1 in Armour
  2998 | D:4      | Noticed an ogre
  3012 | D:4      | Killed an ogre
  3013 | D:4      | Reached XP level 7. HP: 50/50 MP: 1/12
  3940 | D:4      | Found a stormy altar of Qazlal.
  3943 | D:4      | Found an iron altar of Okawaru.
  3945 | D:4      | Found a shimmering blue altar of Sif Muna.
  4002 | D:5      | Entered Level 5 of the Dungeon
  4137 | D:5      | Reached skill level 5 in Spellcasting
  4361 | D:5      | Found a staircase to the Ecumenical Temple.
  4366 | Temple   | Entered the Ecumenical Temple
  4381 | Temple   | Became a worshipper of Kikubaaqudgha
  4387 | Temple   | Reached XP level 8. HP: 51/56 MP: 8/17
  4594 | D:1      | Killed Jessica
  4726 | D:2      | Killed Crazy Yiuf
  4975 | D:5      | Reached skill level 1 in Shields
  5031 | D:5      | Reached skill level 2 in Shields
  5049 | D:5      | Reached skill level 3 in Shields
  5126 | D:5      | Reached skill level 4 in Shields
  5214 | D:5      | Reached skill level 5 in Shields
  5273 | D:5      | Reached skill level 6 in Shields
  5273 | D:5      | Reached XP level 9. HP: 52/61 MP: 11/19
  5273 | D:5      | Reached * piety under Kikubaaqudgha
  5273 | D:5      | Identified Kikubaaqudgha's Disquisition on Evil Rites
                  | (Kikubaaqudgha gifted it to you on level 5 of the Dungeon)
  5273 | D:5      | Received a gift from Kikubaaqudgha
  5309 | D:5      | Learned a level 3 spell: Vampiric Draining
  5312 | D:5      | Learned a level 2 spell: Sublimation of Blood
  5339 | D:5      | Reached skill level 7 in Shields
  5358 | D:5      | Reached skill level 8 in Shields
  5682 | D:5      | Reached skill level 9 in Shields
  5950 | D:5      | Got a masterwork quarterstaff
  6101 | D:5      | Identified the +3 quarterstaff "Boadwise" {vorpal, rC+}
                  | (You found it on level 5 of the Dungeon)
  6405 | D:6      | Reached ** piety under Kikubaaqudgha
  6406 | D:6      | Reached skill level 1 in Necromancy
  7237 | D:7      | Learned a level 3 spell: Conjure Flame
  7538 | D:7      | Reached skill level 1 in Fire Magic
  7642 | D:7      | Noticed Menkaure
  7654 | D:7      | Killed Menkaure
  7655 | D:7      | Reached XP level 10. HP: 70/70 MP: 19/20
  7666 | D:7      | Reached *** piety under Kikubaaqudgha
  7666 | D:7      | Identified Kikubaaqudgha's Collected Works on Darkness
                  | (Kikubaaqudgha gifted it to you on level 7 of the Dungeon)
  7666 | D:7      | Received a gift from Kikubaaqudgha
  7696 | D:7      | Learned a level 4 spell: Dispel Undead
  7702 | D:7      | Learned a level 5 spell: Borgnjor's Vile Clutch
  7780 | D:7      | Found a runed translucent door.
  7783 | D:7      | Noticed DildoBatman's ghost (novice FoCj)
  7966 | D:7      | Killed DildoBatman's ghost
  8009 | D:8      | Noticed Harold
  8195 | D:8      | HP: 3/71 [Harold/+1 war axe of flaming (14)]
  8195 | D:8      | Slain by Harold

Illustrated notes

Levels and vault maps discovered:
D:1:      ebering_hopf_link, layout_rooms, chequers_serial_rivers_micro_e,
          hex_intersection, minmay_misc_feat_hallway
D:2:      layout_loops_ring, general_overflow_altar, uniq_crazy_yiuf_cottage,
          uniq_jessica
D:3:      wad_woods_tower, layout_basic,
          chequers_temple_overflow_statue_of_worship
D:4:      layout_basic, grunt_temple_overflow_diamond, kennysheep_generic_room_5
D:5:      minmay_bubble_buster, layout_loops_ring,
          minmay_temple_entry_from_below_a
D:6:      layout_basic, minmay_small_thing
D:7:      layout_loops_ring, ebering_ghost_reflecting_pool,
          serial_bayou_lagoon_a, uniq_menkaure
D:8:      layout_rooms, lemuel_coloured_pillars_altar, nemelex_altar_shiori,
          lair_entry_dummy, uniq_harold
Temple:   cyrus_circular_temple

Skill      XL: |  1  2  3  4  5  6  7  8  9 10 |
---------------+-------------------------------+-----
Conjurations   | 4 5 6 |  6.0
Fighting       | 2 3 |  3.6
Armour         | 2 3 |  3.8
Spellcasting   | 3 6 7 |  7.0
Shields        | 6 9 |  9.0
Dodging        | 3 |  3.0
Necromancy     | 2 3 |  3.9
Fire Magic     | 1 3 |  3.2
Earth Magic    | 3 |  3.2
Stealth        | |  2.4

Action                   |  1- 3 |  4- 6 |  7- 9 | 10-12 || total
-------------------------+-------+-------+-------+-------++-------
Melee: Unarmed           |    13 |       |       |       ||    13
       Club              |     8 |       |       |       ||     8
       Dagger            |    16 |    58 |    44 |       ||   118
       Whip              |       |       |    11 |       ||    11
       Quarterstaff      |       |       |    14 |     7 ||    21
 Fire: Hunting sling     |       |       |     9 |       ||     9
 Cast: Magic Dart        |    31 |     6 |     7 |     1 ||    45
       Searing Ray       |    10 |    22 |    58 |    11 ||   101
       Conjure Flame     |       |       |     1 |     1 ||     2
       Vampiric Draining |       |       |       |     1 ||     1
 Abil: Dig               |     4 |     4 |    36 |     5 ||    49
  Use: Scroll            |     1 |       |    12 |       ||    13
       Potion            |       |     1 |     1 |     1 ||     3
 Stab: Sleeping          |     1 |     3 |     2 |       ||     6
Armor: Robe              |    20 |     9 |    12 |       ||    41
       Leather armour    |       |       |    14 |     3 ||    17
Dodge: Dodged            |    51 |    53 |    96 |    10 ||   210
Block: Kite shield       |       |       |    20 |    10 ||    30
